 Dungeon Crawl Stone Soup version 0.28.0-47-ge53b351184 (webtiles) character file.

Game seed: 11387398475885642261

317 Iusername the Chopper (level 6, -6/53 HPs)
             Began as a Hill Orc Fighter on May 4, 2022.
             Mangled by Pikel
             ... wielding a +2 whip of freezing
              (7 damage)
             ... on level 4 of the Dungeon.
             The game lasted 00:07:57 (3784 turns).

Iusername the Chopper (Hill Orc Fighter)            Turns: 3784, Time: 00:07:58

Health: -6/53      AC: 22    Str: 21    XL:     6   Next: 45%
Magic:  6/6        EV:  6    Int:  8    God:
Gold:   137        SH:  4    Dex: 10    Spells: 5/5 levels left

rFire   + . .      SeeInvis +   b - +4 falchion (protect)
rCold   x . .      Faith    .   c - +0 buckler
rNeg    . . .      Spirit   .   l - +0 plate armour
rPois   .          Reflect  .   d - +0 helmet
rElec   .          Harm     .   f - +0 cloak
rCorr   .          Rampage  .   g - +0 pair of gloves
Will    .....                   (no boots)
Stlth   ..........              (no amulet)
HPRegen 0.17/turn               o - ring of fire
MPRegen 0.10/turn               q - ring of see invisible

@: under a protective aura, flying
A: no striking features
a: no special abilities


You were on level 4 of the Dungeon.
You visited 1 branch of the dungeon, and saw 5 of its levels.

You collected 137 gold pieces.

Inventory:

Hand Weapons
 a - a +0 war axe
 b - a +4 falchion of protection (weapon)
Missiles
 i - 6 boomerangs (quivered)
 m - a throwing net
Armour
 c - a +0 buckler (worn)
 d - a +0 helmet (worn)
 f - a +0 cloak (worn)
 g - a +0 pair of gloves (worn)
 l - a +0 plate armour (worn)
Jewellery
 o - a ring of fire (left hand)
 q - a ring of see invisible (right hand)
Scrolls
 e - a scroll of fear
 h - 2 scrolls of teleportation
 j - a scroll of enchant armour {unknown}
Potions
 n - a potion of mutation {unknown}


   Skills:
 + Level 4.3 Fighting
 + Level 1.3 Long Blades
 + Level 5.0 Axes
 + Level 1.9 Throwing
 + Level 4.7 Armour
 + Level 0.3 Dodging
 + Level 0.3 Stealth
 + Level 4.1 Shields


You had 5 spell levels left.
You didn't know any spells.
Your spell library contained the following spells:

 Spells                   Type           Power      Damage    Failure   Level
 Slow                     Hex            0%         N/A       100%        1
 Confusing Touch          Hex            0%         N/A       100%        3
 Vampiric Draining        Necr           0%         2d6       100%        3


Dungeon Overview and Level Annotations

Branches:
Dungeon (5/15)
 Temple: D:4-7

Altars:
Kikubaaqudgha
Yredelemnul

Annotations:
D:4 Pikel


Message History

Pikel hits you but does no damage.
You completely miss Pikel.
Pikel is severely wounded.
Pikel hits you but does no damage.
You slash Pikel!
Pikel is almost dead.
Pikel hits you but does no damage.
You barely miss Pikel.
Pikel is almost dead.
Pikel zaps a wand.
The puff of flame hits you. You resist.
* * * LOW HITPOINT WARNING * * *
You block Pikel's attack.
You hit Pikel but do no damage.
Pikel is almost dead.
Pikel zaps a wand.
The puff of flame hits you but does no damage.
The now-empty wand crumbles to dust.
You hit Pikel but do no damage.
Pikel is almost dead.
Pikel barely misses you.
You hit Pikel but do no damage.
Pikel is almost dead.
Pikel hits you but does no damage.
Pikel hits you with a +2 whip of freezing.
* * * LOW HITPOINT WARNING * * *
Pikel freezes you.
* * * LOW HITPOINT WARNING * * *
You hit Pikel.
Pikel is almost dead.
Pikel hits you but does no damage.
You barely miss Pikel.
Pikel is almost dead.
Pikel hits you with a +2 whip of freezing.
* * * LOW HITPOINT WARNING * * *
Pikel freezes you.
* * * LOW HITPOINT WARNING * * *
You completely miss Pikel.
Pikel is almost dead.
Pikel hits you with a +2 whip of freezing!
You die...

#.# .. #.#+##+###
#........# ........#
#.......# #.K.....#
#.@...# #..##.#
#.>## #...#
##########..#
#####.......<#..#
#.....########..#
#...[...........#
#....#########.#####


You could see Pikel.

Vanquished Creatures
  Sigmund (D:3)
  4 lemures (D:5)
  An orc priest (D:3)
  Jessica (D:3)
  Robin (D:3)
  4 dart slugs
  4 orcs (D:3)
  5 ball pythons
  4 bats
  6 endoplasms
  2 giant cockroaches (D:1)
  14 goblins
  5 hobgoblins
  8 kobolds
  6 quokkas
  6 frilled lizards
  7 rats
79 creatures vanquished.

Vanquished Creatures (others)
  10 plants (D:1)
10 creatures vanquished.

Grand Total: 89 creatures vanquished

Notes
Turn   | Place    | Note
-------+----------+-------------------------------------------
     0 | D:1      | Iusername the Hill Orc Fighter began the quest for the Orb.
     0 | D:1      | Reached XP level 1. HP: 19/19 MP: 1/1
   136 | D:1      | Reached XP level 2. HP: 27/27 MP: 2/2
   210 | D:1      | Reached skill level 3 in Axes
   335 | D:1      | Found a faded altar of an unknown god.
   547 | D:1      | Reached XP level 3. HP: 33/33 MP: 3/3
  1786 | D:2      | Found a basalt altar of Yredelemnul.
  2374 | D:3      | Reached XP level 4. HP: 40/40 MP: 4/4
  2400 | D:3      | Found an ancient bone altar of Kikubaaqudgha.
  2478 | D:3      | Noticed Jessica
  2480 | D:3      | Noticed Robin
  2486 | D:3      | Reached skill level 4 in Axes
  2488 | D:3      | Killed Jessica
  2494 | D:3      | Killed Robin
  2659 | D:3      | Reached XP level 5. HP: 46/46 MP: 5/5
  2703 | D:3      | Reached skill level 5 in Axes
  3081 | D:3      | Noticed Sigmund
  3163 | D:3      | Killed Sigmund
  3164 | D:3      | Reached skill level 1 in Long Blades
  3164 | D:3      | Reached skill level 1 in Throwing
  3164 | D:3      | Reached XP level 6. HP: 16/53 MP: 6/6
  3689 | D:4      | Noticed Pikel
  3696 | D:5      | Entered Level 5 of the Dungeon
  3783 | D:4      | HP: 2/53 [Pikel/+2 whip of freezing (2)]
  3784 | D:4      | Mangled by Pikel

Illustrated notes

Levels and vault maps discovered:
D:1:      moated_graveyard_arrival, layout_basic, serial_rivers,
          chequers_serial_rivers_micro_e, chequers_serial_rivers_large_b,
          chequers_serial_rivers_micro_c, chequers_serial_rivers_micro_c,
          chequers_serial_rivers_marsh, shapermc_ecumenical_altar_starsandcircs,
          minmay_misc_feat_chi, chequers_big_river, minmay_bisected
D:2:      layout_basic, basic_altar
D:3:      layout_basic, nicolae_kikubaaqudgha_miasma_corner,
          kennysheep_generic_room_5, uniq_jessica, uniq_robin, uniq_sigmund
D:4:      layout_basic, minitemple, minmay_temple_entry_statues_pillars,
          uniq_pikel
D:5:      layout_loops_corners, nzn_wu_jian_contemplation

Skill      XL: |  1  2  3  4  5 |
---------------+----------------+-----
Axes           | 3 4 5 |  5.0
Fighting       | 4 |  4.3
Armour         | 4 |  4.7
Long Blades    | 1 |  1.3
Throwing       | 1 |  1.9
Shields        | 4 |  4.1
Dodging        | |  0.3
Stealth        | |  0.3

Action                   |  1- 3 |  4- 6 || total
-------------------------+-------+-------++-------
Melee: War axe           |   121 |    19 ||   140
       Falchion          |       |   115 ||   115
Throw: Boomerang         |     6 |    37 ||    43
  Use: Scroll            |       |     2 ||     2
       Potion            |       |     2 ||     2
Armor: Scale mail        |    76 |       ||    76
       Plate armour      |       |   165 ||   165
Dodge: Dodged            |    61 |    55 ||   116
Block: Buckler           |    21 |    33 ||    54
